 Dungeon Crawl Stone Soup version 0.27.0-1-g7a089689b8 (webtiles) character file.

Game seed: 3909270592178871639

23178 robertstho the Unseen (level 13, -15/98 HPs)
             Began as an Octopode Berserker on Aug 5, 2021.
             Was an Elder of Trog.
             Killed from afar by a swamp worm (17 damage)
             ... with a harpoon shot
             ... on level 4 of the Lair of Beasts.
             The game lasted 00:21:34 (17528 turns).

robertstho the Unseen (Octopode Berserker)         Turns: 17528, Time: 00:21:35

Health: -15/98     AC:  1    Str: 26    XL:     13   Next: 5%
Magic:  13/13      EV: 19    Int: 17    God:    Trog [****..]
Gold:   711        SH:  5    Dex: 12    Spells: 12/12 levels left

rFire    . . .     SeeInvis +   H - +12 quarterstaff "Tebemo Ciufi" {flame, Int+7}
rCold    . . .     Faith    .   (shield currently unavailable)
rNeg     . . .     Spirit   .   (helmet restricted)
rPois    .         Reflect  +   w - amulet of reflection
rElec    .         Harm     .   k - +4 ring of slaying
rCorr    +         Rampage  .   A - +6 ring of strength
Will     .....                  F - ring of resist corrosion
Stlth    +++++++++.             K - +4 ring of evasion
HPRegen  0.26/turn              N - ring of see invisible
MPRegen  0.13/turn              (no ring)
                                (no ring)
                                (no ring)

@: studying Fighting
A: almost no armour, amphibious, 8 rings, camouflage 1, gelatinous body 1,
nimble swimmer 1, tentacles
a: Renounce Religion, Berserk, Trog's Hand, Brothers in Arms


You were on level 4 of the Lair of Beasts.
You worshipped Trog.
Trog was greatly pleased with you.
You visited 2 branches of the dungeon, and saw 14 of its levels.
You also visited: Sewer and Bailey.

You collected 711 gold pieces.

Inventory:

Hand Weapons
 o - a +1 dagger of speed
 v - a +3 vorpal rapier
 z - a +2 rapier of flaming
 H - the +12 quarterstaff "Tebemo Ciufi" (weapon) {flame, Int+7}
   (You found it on level 3 of the Lair of Beasts)

   It burns those it strikes, dealing additional fire damage.
   Int:       It affects your intelligence (+7).
Armour
 E - a +0 buckler
Jewellery
 g - an amulet of magic regeneration
 k - a +4 ring of slaying (left tentacle)
 l - an amulet of guardian spirit
 w - an amulet of reflection (around mantle)
 A - a +6 ring of strength (right tentacle)
 F - a ring of resist corrosion (on tentacle)
 K - a +4 ring of evasion (on tentacle)
 N - a ring of see invisible (on tentacle)
Wands
 n - a wand of paralysis (7)
 x - a wand of mindburst (16)
 y - a wand of charming (8)
 C - a wand of iceblast (11)
 G - a wand of polymorph (24)
 L - a wand of digging (7)
 O - a wand of acid (10)
Scrolls
 p - 5 scrolls of enchant weapon
 q - 2 scrolls of immolation
 r - 3 scrolls of teleportation
 s - a scroll of holy word
 B - a scroll of enchant armour
 I - 4 scrolls of magic mapping
Potions
 a - a potion of magic
 b - 3 potions of haste
 c - 3 potions of attraction
 d - 3 potions of might
 e - 3 potions of curing
 f - 6 potions of invisibility
 h - a potion of mutation
 i - 6 potions of heal wounds
 j - a potion of berserk rage {unknown}
 m - a potion of cancellation {unknown}
 t - 2 potions of degeneration {unknown}
 u - a potion of resistance {unknown}
 D - 2 potions of flight {unknown}
 J - 5 potions of ambrosia
 M - 2 potions of lignification {unknown}


   Skills:
 * Level 12.7 Fighting
 + Level 9.7 Short Blades
 + Level 2.8 Staves
 + Level 7.5 Dodging
 * Level 18.5 Stealth
 + Level 3.6 Shields
 + Level 1.6 Evocations


You had 12 spell levels left.
You didn't know any spells.
Your spell library was empty.

Dungeon Overview and Level Annotations

Branches:
Dungeon (10/15)            Temple (0/1) D:4            Lair (4/6) D:10
  Swamp (0/4) Lair:3        Snake (0/4) Lair:3        Sewer (visited)
 Bailey (visited)
    Orc: D:9-12

Altars:
Okawaru

Shops:
D:5 (

Annotations:
D:6 Prince Ribbit


Innate Abilities, Weirdness & Mutations

You cannot wear most types of armour.
You are amphibious.
You can wear up to eight rings at the same time.
Your skin changes colour to match your surroundings (Stealth+).
Your rubbery body absorbs attacks. (AC +1, EV +1)
You are camouflaged near water. (Stealth+)
You have tentacles for arms and can constrict up to eight enemies at once.


Message History

Found a potion of curing and 25 stones.
There are monsters nearby!
There are monsters nearby!
There are monsters nearby!
There are monsters nearby!
An alligator comes into view.
Found a pink potion.
The helpless alligator fails to defend itself.
You bludgeon the alligator!! You burn the alligator!
The alligator is moderately wounded.
The eight-headed hydra roars!
A swamp worm comes into view.
The alligator bites you but does no damage.
The alligator tail-slaps you! The alligator bites you!!
The alligator completely misses you.
The alligator puts on a burst of speed!
The eight-headed hydra completely misses you.
The eight-headed hydra closely misses you.
The eight-headed hydra barely misses you.
The eight-headed hydra bites you but does no damage.
You block the eight-headed hydra's attack.
The eight-headed hydra misses you. The eight-headed hydra bites you!
The eight-headed hydra completely misses you.
The alligator puts on a burst of speed!
The alligator closely misses you. The alligator tail-slaps you.
The eight-headed hydra misses you. The eight-headed hydra bites you.
The eight-headed hydra bites you!
The eight-headed hydra completely misses you.
The eight-headed hydra misses you.
The eight-headed hydra bites you but does no damage.
The eight-headed hydra bites you!
* * * LOW HITPOINT WARNING * * *
The eight-headed hydra bites you!
* * * LOW HITPOINT WARNING * * *
Okay, then.
You block the alligator's attack. The alligator tail-slaps you.
* * * LOW HITPOINT WARNING * * *
The swamp worm fires a harpoon shot at you.
The harpoon shot hits you!
You die...

#≈≈≈≈≈≈≈≈....# #.... ≈
#≈≈≈≈≈≈≈≈.[[.# ##... .≈≈≈
#≈≈≈≈≈≈#....# #...
≈..#≈##≈≈≈#≈≈##...# #...
≈.≈.≈≈≈≈≈≈≈≈≈≈#...# #...
≈...≈.≈#≈≈≈≈≈≈≈#...# #...
≈..≈≈≈≈#≈≈##≈≈.....####...
≈≈≈≈#≈≈#≈≈≈≈#≈........#...
..#≈≈≈≈≈≈@####.##.........
≈.≈≈≈≈≈≈tt#≈#####.........
#.≈.≈#≈≈D≈≈# #.........
≈#≈w..≈≈≈#≈#≈# #.........
≈≈≈≈≈..≈#≈≈≈## #.........
≈≈≈≈#≈≈!≈≈≈≈≈# #..........
≈##≈≈##(!#≈≈≈# ##...>.....
≈≈≈#≈ ≈≈≈#≈≈≈# #..........
## # ######## ##.........


You could see 2 alligators, an eight-headed hydra and a swamp worm.

Vanquished Creatures
  A hydra (Lair:2)
  A centaur warrior (D:9)
  A two-headed ogre (D:9)
  Urug (Lair:3)
  Sonja (Lair:3)
  A bog body (Lair:3)
  Pikel (D:9)
  Maurice (D:8)
  2 black mambas
  2 cane toads
  6 komodo dragons
  4 kobold demonologists (D:10)
  A queen bee (Lair:3)
  A hornet (D:9)
  A troll (D:9)
  12 blink frogs
  5 slime creatures (D:10)
  Sigmund (D:4)
  A wraith (D:9)
  A vampire (D:10)
  2 steam dragons
  10 yaks
  3 wyverns
  2 vampire mosquitoes (D:7)
  4 basilisks
  Edmund (D:4)
  2 acid dragons
  8 water moccasins
  7 orc warriors
  An ice beast (D:6)
  2 sky beasts
  2 black bears
  A necrophage (D:6)
  An ogre (D:5)
  9 centaurs
  2 lemures (D:9)
  2 phantoms
  7 bullfrogs
  5 kobold brigands
  2 scorpions
  A water moccasin skeleton (D:6)
  26 killer bees
  10 wights
  4 howler monkeys
  3 centaur zombies
  2 bullfrog zombies
  6 orc priests
  5 jellies
  3 centaur skeletons
  2 gnoll shamans (D:6)
  A hound (D:5)
  3 iguanas
  9 orc wizards
  A killer bee zombie (D:8)
  A hound skeleton (D:4)
  A howler monkey zombie (D:8)
  Robin (D:4)
  10 adders
  14 gnolls
  A howler monkey skeleton (D:7)
  5 river rats (Sewer)
  An adder skeleton (D:3)
  A worm (D:3)
  4 dart slugs
  40 orcs
  5 bats
  3 endoplasms
  5 giant cockroaches
  23 goblins
  12 hobgoblins
  5 jackals (D:3)
  2 quokkas (D:1)
  12 ball pythons
  A frilled lizard (D:3)
  34 kobolds
  21 rats
396 creatures vanquished.

Vanquished Creatures (collateral kills)
  4 orc warriors (Bailey)
  A lemure (D:9)
  A bullfrog (Lair:3)
  A killer bee (D:9)
  6 orcs (Bailey)
13 creatures vanquished.

Vanquished Creatures (others)
  2 fungi
  46 plants
48 creatures vanquished.

Grand Total: 457 creatures vanquished

Notes
Turn   | Place    | Note
-------+----------+-------------------------------------------
     0 | D:1      | robertstho the Octopode Berserker began the quest for the
                  | Orb.
     0 | D:1      | Reached XP level 1. HP: 16/16 MP: 1/1
   139 | D:1      | Found a faded altar of an unknown god.
   164 | D:1      | Reached XP level 2. HP: 21/21 MP: 2/2
   242 | D:1      | Reached skill level 1 in Stealth
   784 | D:2      | Reached XP level 3. HP: 25/26 MP: 3/3
   851 | D:2      | Reached skill level 2 in Stealth
  1149 | D:2      | Reached skill level 3 in Stealth
  1149 | D:2      | Reached XP level 4. HP: 20/31 MP: 4/4
  1616 | D:3      | Reached ** piety under Trog
  1901 | D:3      | Reached skill level 4 in Stealth
  2339 | D:4      | Noticed Sigmund
  2445 | D:4      | Noticed a sky beast
  2445 | D:4      | Noticed Robin
  2447 | D:4      | Noticed a black bear
  2458 | D:4      | Reached XP level 5. HP: 30/36 MP: 3/5
  2465 | D:4      | Killed a sky beast
  2466 | D:4      | Reached skill level 5 in Stealth
  2467 | D:4      | Reached skill level 6 in Stealth
  2472 | D:4      | Killed a black bear
  2473 | D:4      | Reached XP level 6. HP: 40/43 MP: 2/6
  2477 | D:4      | Reached skill level 7 in Stealth
  2495 | D:4      | Killed Robin
  2527 | D:4      | Killed Sigmund
  2528 | D:4      | Reached skill level 8 in Stealth
  2528 | D:4      | Reached XP level 7. HP: 49/49 MP: 5/7
  2578 | D:4      | Found a glowing drain.
  2588 | D:4      | Noticed Edmund
  2598 | Sewer    | Entered a sewer
  2621 | Sewer    | Reached *** piety under Trog
  2847 | Sewer    | Reached **** piety under Trog
  2848 | Sewer    | Reached skill level 9 in Stealth
  3227 | D:4      | Killed Edmund
  3228 | D:4      | Reached XP level 8. HP: 41/54 MP: 4/8
  3625 | D:4      | Found a staircase to the Ecumenical Temple.
  3668 | D:4      | Found an iron altar of Okawaru.
  4086 | D:5      | Entered Level 5 of the Dungeon
  4088 | D:5      | Reached skill level 10 in Stealth
  4187 | D:5      | Reached skill level 5 in Fighting
  4274 | D:5      | Reached skill level 5 in Short Blades
  4274 | D:5      | Reached skill level 11 in Stealth
  4860 | D:5      | Reached XP level 9. HP: 33/62 MP: 3/9
  5229 | D:5      | Found Ahuutyl's Weapon Shop.
  5731 | D:6      | Reached skill level 12 in Stealth
  6374 | D:6      | Noticed Prince Ribbit
  6414 | D:6      | Reached ***** piety under Trog
  6925 | D:7      | Reached skill level 5 in Dodging
  7024 | D:7      | Found a flagged portal.
  7038 | Bailey   | Entered a bailey
  7047 | Bailey   | Reached XP level 10. HP: 64/71 MP: 8/10
  7126 | Bailey   | Reached skill level 13 in Stealth
  7143 | Bailey   | Received a gift from Trog
  8559 | Bailey   | Reached skill level 14 in Stealth
  9816 | D:8      | Noticed Maurice
  9821 | D:8      | Killed Maurice
  9838 | D:8      | Received a gift from Trog
 10681 | D:8      | Reached skill level 15 in Stealth
 10689 | D:8      | Reached XP level 11. HP: 57/80 MP: 7/11
 11284 | D:9      | Noticed a centaur warrior
 11288 | D:9      | Killed a centaur warrior
 11595 | D:9      | Reached skill level 10 in Fighting
 11604 | D:9      | Noticed a two-headed ogre
 11972 | D:9      | Killed a two-headed ogre
 11973 | D:9      | Reached skill level 16 in Stealth
 12044 | D:9      | Noticed Pikel
 12050 | D:9      | Killed Pikel
 12685 | D:10     | Entered Level 10 of the Dungeon
 12769 | D:10     | Reached skill level 1 in Shields
 12769 | D:10     | Reached skill level 1 in Evocations
 12949 | D:10     | Found a staircase to the Lair.
 13001 | D:10     | Reached skill level 17 in Stealth
 13001 | D:10     | Reached XP level 12. HP: 70/90 MP: 12/12
 13547 | Lair:1   | Entered Level 1 of the Lair of Beasts
 15378 | Lair:2   | Noticed an eight-headed hydra
 15385 | Lair:2   | Killed an eight-headed hydra
 15611 | Lair:3   | Identified the +12 quarterstaff "Tebemo Ciufi" {flame,
                  | Int+7}
 15640 | Lair:3   | Found a staircase to the Snake Pit.
 15809 | Lair:3   | Reached skill level 18 in Stealth
 15862 | Lair:3   | Noticed Sonja
 15875 | Lair:3   | Killed Sonja
 16698 | Lair:3   | Reached skill level 1 in Staves
 16912 | Lair:3   | Noticed Urug
 16925 | Lair:3   | Killed Urug
 16927 | Lair:3   | Reached XP level 13. HP: 91/98 MP: 13/13
 16932 | Lair:3   | Found a staircase to the Swamp.
 17528 | Lair:4   | HP: 2/98 [alligator (4)]
 17528 | Lair:4   | Killed from afar by a swamp worm

Illustrated notes

Levels and vault maps discovered:
D:1:      dpeg_arrival_arbitrary_b, layout_basic,
          hellmonk_ecumenical_altar_zigzags
D:2:      layout_loops_ring, serial_bayou_lagoon_b
D:3:      layout_rooms, minmay_quadrilaterals
D:4:      layout_cave_pods, kennysheep_okawaru_gauntlet,
          minmay_temple_entry_arrows, gup_sewer_entry_glass, chequers_big_river,
          grunt_ministairs_7, serial_park_tiny_1, uniq_sigmund, uniq_robin,
          uniq_edmund
D:5:      layout_cave_pools, serial_shops, shop, minmay_misc_feat_rugged
D:6:      layout_gridville, uniq_prince_ribbit1
D:7:      layout_loops_ring, enter_bailey_3
D:8:      layout_loops_ring, nrook_uturn, uniq_maurice
D:9:      minmay_inner_zag, layout_loops_ring, uniq_pikel
D:10:     layout_gridville, david_lair_generic, gammafunk_ghost_nasty_kobolds,
          chequers_serial_rivers_micro_a, patterned_corridor
Lair:1:   layout_chaotic_city, serial_bayou_shore_b, grunt_megastairs_4
Lair:2:   layout_long_grid, serial_forest, infiniplex_forest_straight_5,
          infiniplex_forest_lined_corner, infiniplex_forest_zigzag_1,
          infiniplex_forest_zigzag_2, infiniplex_forest_diagonal,
          infiniplex_forest_end_double, infiniplex_forest_end_3,
          infiniplex_forest_straight_1, infiniplex_forest_lined_corner,
          infiniplex_staircase_pool
Lair:3:   layout_hall_layers, skrybe_swamp_entry_bodies, dummy_snake_entry,
          special_room [special_room_bee], uniq_urug, uniq_sonja
Lair:4:   onia_ninara_swampy_vault, layout_long_grid, serial_bayou,
          serial_bayou_pond_e, serial_bayou_crossing, serial_bayou_lagoon_a,
          serial_bayou_pond_d, serial_bayou_pond_a, lemuel_fruit_tree

Skill      XL: |  1  2  3  4  5  6  7  8  9 10 11 12 |
---------------+-------------------------------------+-----
Stealth        | 1 3 4 6 8 9 11 12 15 17 18 | 18.5
Fighting       | 4 5 7 9 11 12 | 12.7
Short Blades   | 4 5 6 7 9 |  9.7
Dodging        | 4 5 6 7 |  7.5
Shields        | 2 3 |  3.6
Evocations     | 1 |  1.6
Staves         | 2 |  2.8

Action                   |  1- 3 |  4- 6 |  7- 9 | 10-12 | 13-15 || total
-------------------------+-------+-------+-------+-------+-------++-------
Melee: Short sword       |    51 |    42 |       |       |       ||    93
       Tentacles         |    17 |    11 |    67 |   157 |     4 ||   256
       Constrict         |    13 |    19 |    60 |    89 |     1 ||   182
       Dagger            |       |    36 |   289 |   545 |       ||   870
       Quarterstaff      |       |       |       |    59 |     9 ||    68
Invok: Trog's Hand       |       |     1 |       |     5 |       ||     6
       Berserk           |       |     1 |     6 |    15 |       ||    22
       Brothers in Arms  |       |       |       |     5 |       ||     5
Evoke: Wand              |       |       |       |     4 |       ||     4
  Use: Scroll            |       |     5 |     6 |    12 |       ||    23
       Potion            |       |     1 |       |     3 |       ||     4
 Stab: Sleeping          |    11 |     9 |    33 |    38 |     2 ||    93
       Distracted        |     1 |       |       |     2 |       ||     3
Armor: Skin              |     1 |     3 |     9 |    17 |     3 ||    33
Dodge: Dodged            |    26 |    34 |   130 |   327 |    10 ||   527
Block: Buckler           |       |       |       |    42 |       ||    42
       Reflection        |       |       |       |     3 |       ||     3
       Other             |       |       |       |    30 |     3 ||    33
